 Dungeon Crawl Stone Soup version 0.30-a0-134-gb40fab5c76 (webtiles) character file.

Game seed: 10067337816250261904

25 Essalna the Firebug (level 2, 0/19 HPs)
             Began as a Demonspawn Fire Elementalist on Sept 19, 2022.
             Slain by Terence
             ... wielding a +1 flail of holy wrath
              (11 damage)
             ... on level 2 of the Dungeon.
             The game lasted 00:03:05 (1788 turns).

Essalna the Firebug (Demonspawn Fire Elementalist)  Turns: 1788, Time: 00:03:06

Health: 0/19       AC:  2    Str:  8    XL:     2   Next: 82%
Magic:  0/5        EV: 16    Int: 16    God:
Gold:   44         SH:  0    Dex: 13    Spells: 4/5 levels left

rFire   . . .      SeeInvis .    m - +1 trident (venom)
rCold   . . .      Faith    .    (no shield)
rNeg    . . .      Spirit   .    a - +0 robe
rPois   .          Reflect  .    (no helmet)
rElec   .          Harm     .    (no cloak)
rCorr   +          Rampage  .    (no gloves)
Will    .....                    (no boots)
Stlth   ++........               (no amulet)
HPRegen 0.06/turn                g - ring of resist corrosion
MPRegen 0.09/turn                i - +4 ring of evasion

@: no status effects
A: demonic magic 1
a: no special abilities


You were on level 2 of the Dungeon.
You visited 1 branch of the dungeon, and saw 2 of its levels.

You collected 44 gold pieces.

Inventory:

Hand Weapons
 f - a +0 dagger
 m - a +1 trident of venom (weapon)
Armour
 a - a +0 robe (worn)
Magical Staves
 q - a staff of earth
Jewellery
 g - a ring of resist corrosion (left hand)
 i - a +4 ring of evasion (right hand)
Wands
 p - a wand of acid (7)
Scrolls
 d - a scroll of teleportation {unknown}
 e - a scroll of silence {unknown}
 k - 3 scrolls of identify {unknown}
 o - a scroll of enchant armour {unknown}
Potions
 b - a potion of magic
 c - a potion of lignification {unknown}
 h - a potion of ambrosia {unknown}
 j - a potion of mutation {unknown}
 l - a potion of curing {unknown}
 n - 4 potions of berserk rage {unknown}


   Skills:
 - Level 1.7 Dodging
 - Level 1.7 Stealth
 - Level 2.0 Spellcasting
 + Level 2.1 Conjurations
 + Level 3.2 Fire Magic


You had 4 spell levels left.
You knew the following spells:

 Your Spells              Type           Power      Damage    Failure   Level
a - Foxfire               Conj/Fire      40%        2x1d6     7%          1

Your spell library contained the following spells:

 Spells                   Type           Power      Damage    Failure   Level
 Magic Dart               Conj           32%        1d4       9%          1
 Scorch                   Fire           24%        2d6       9%          2
 Apportation              Tloc           2%         N/A       21%         1
 Necrotise                Necr           4%         1d4       21%         1
 Summon Small Mammal      Summ           4%         N/A       21%         1
 Call Imp                 Summ           1%         N/A       30%         2
 Inner Flame              Hex/Fire       6%         N/A       32%         3
 Kindle Blastsparks       Fire/Tloc/Air  10%        2d10      36%         3
 Mephitic Cloud           Conj/Pois/Air  3%         N/A       43%         3
 Flame Wave               Conj/Fire      10%        2d6       56%         4


Dungeon Overview and Level Annotations

Branches:
Dungeon (2/15)

Altars:

Annotations:
D:2 Terence


Innate Abilities, Weirdness & Mutations

Spells you cast may paralyse adjacent enemies.


Message History

You conjure some foxfire!
Malevolent energies surge around you.
Your foxfire dissipates! x2
Your foxfire dissipates!
A kobold comes into view. It is wielding a +0 club.
A kobold is nearby!
A kobold is nearby!
You conjure some foxfire!
Malevolent energies surge around you.
You conjure some foxfire!
Malevolent energies surge around you.
You conjure some foxfire!
Malevolent energies surge around you.
The foxfire hits the kobold.
You kill the kobold!
Your foxfire dissipates!
Your foxfire dissipates! x2
Terence is nearby!
Terence is nearby!
You conjure some foxfire!
Malevolent energies surge around you.
You conjure some foxfire!
Malevolent energies surge around you.
The foxfire hits Terence but does no damage.
The foxfire hits Terence.
Terence is lightly wounded.
You conjure some foxfire!
Malevolent energies surge around you.
The foxfire hits Terence.
Terence is lightly wounded.
The foxfire hits Terence but does no damage.
Terence is lightly wounded.
You are out of magic!
You barely miss Terence.
Terence is lightly wounded.
The foxfire hits Terence.
Terence is moderately wounded.
The foxfire hits Terence but does no damage.
Terence is moderately wounded.
You barely miss Terence.
Terence is moderately wounded.
Terence barely misses you.
You barely miss Terence.
Terence is moderately wounded.
Terence hits you with a +1 flail of holy wrath!
You convulse!
Ouch! That really hurt!
You die...

.## ###########
..######.........#
.).<.....#.#.#.#.#
..####.#.........#
### #...#.#.#.#.#
###.........#
#.#.#.#.#.#
#.........##.#
#.#.#.#.#@@..#
#..........#.†..)
#.###..#....# #.##
.. #.####### . ...
.#.. #


You could see Terence.

Vanquished Creatures
  A worm (D:2)
  2 ball pythons (D:1)
  6 endoplasms
  A giant cockroach (D:2)
  A goblin (D:1)
  3 hobgoblins (D:1)
  2 kobolds (D:2)
  2 rats
18 creatures vanquished.

Vanquished Creatures (others)
  61 foxfires
61 creatures vanquished.

Grand Total: 79 creatures vanquished

Notes
Turn   | Place    | Note
-------+----------+-------------------------------------------
     0 | D:1      | Essalna the Demonspawn Fire Elementalist began the quest
                  | for the Orb.
     0 | D:1      | Reached XP level 1. HP: 13/13 MP: 3/3
   474 | D:1      | Reached skill level 3 in Fire Magic
   474 | D:1      | Gained mutation: Spells you cast may paralyse adjacent
                  | enemies. [demonic ancestry]
   474 | D:1      | Reached XP level 2. HP: 19/19 MP: 3/5
  1216 | D:2      | Noticed Terence
  1788 | D:2      | Slain by Terence

Illustrated notes

Levels and vault maps discovered:
D:1:      dpeg_arrival_tiny_g, layout_basic
D:2:      layout_loops_corners, serial_glass, glass_columns_c, glass_columns_b,
          hellmonk_ecumenical_altar_inner_sanctum, uniq_terence,
          uniq_crazy_yiuf_cottage

Skill      XL: |  1  2 |
---------------+-------+-----
Fire Magic     | 3 |  3.2
Conjurations   | 2 |  2.1
Dodging        | |  1.7
Stealth        | |  1.7
Spellcasting   | |  2.0

Action                   || total
-------------------------++-------
Melee: Unarmed           ||     3
       Trident           ||     8
       Dagger            ||     1
 Cast: Foxfire           ||    42
 Stab: Paralysed         ||     2
       Sleeping          ||     1
Armor: Robe              ||     2
Dodge: Dodged            ||     5

Table legend: (Time is in decaauts)
 A = Elapsed time spent in this place.
 B = Non-inter-level travel time spent in this place.
 C = Inter-level travel time spent in this place.
 D = Time resting spent in this place.
 E = Time spent auto-exploring this place.
 F = Levels seen in this place.
 G = Mean time per level.
                   A        B        C        D        E       F      G
               +--------+--------+--------+--------+--------+-----+--------+
         Total |   1788 |   1718 |     70 |      0 |   1555 |   2 |  894.0 |
       Dungeon |   1788 |   1718 |     70 |      0 |   1555 |   2 |  894.0 |
               +--------+--------+--------+--------+--------+-----+--------+

Top non-repeatable levels by time:
     D:1: 1227 daAuts
     D:2: 560 daAuts
